 Dungeon Crawl Stone Soup version bcrawl-1.38.3 (webtiles) character file.

Game seed: 4093944733091916274

8268758 Corvidia the Transmogrifier (level 17, -5/128 HPs)
             Began as a Demonspawn Fighter on June 29, 2023.
             Was the Champion of Okawaru.
             Slain by a wolf spider (6 damage)
             ... on level 2 of the Spider Nest.
             The game lasted 01:25:58 (34383 turns).

Corvidia the Transmogrifier (Demonspawn Fighter)   Turns: 34383, Time: 01:25:58

Health: -5/128     AC: -9    Str: 19    XL:     17   Next: 84%
Magic:  0/26       EV: 20    Int: 19    God:    Okawaru [******]
Gold:   2748       SH: 18    Dex: 13    Spells: 4/28 levels left

rFire    + + .     GDR:     30%   - Claws (31.8)
rCold    + . .     SeeInvis +   Q - +4 buckler {rN+}
rNeg     + . .     Gourm    .   p - +5 ring mail {rF+}
rPois    +         Faith    .   R - +2 hat {SInv}
rElec    .         Spirit   +   z - +2 cloak {MR+}
rCorr    .         Reflect  .   (gloves unavailable)
MR       ++...                  A - +0 pair of boots
Stlth    +.........             G - amulet of rage
HPRegen  0.31/turn              k - ring of poison resistance
MPRegen  0.40/turn              w - ring "Tesaonti" {*Drain rF+ EV+3 Int+3}

@: corroded
A: claws 3, large bone plates 3, cold resistance 1, demonic guardian 2, shaggy
fur 1, strong 1, magic shield, magic regeneration, subdued magic 1
}: 1/15 runes: serpentine
a: Heroism, Finesse, Renounce Religion, Evoke Berserk Rage


You were on level 2 of the Spider Nest.
You worshipped Okawaru.
Okawaru was exalted by your worship.
You were hungry.

You visited 5 branches of the dungeon, and saw 24 of its levels.
You also visited: Sewer and Volcano.

You collected 2748 gold pieces.

Inventory:

Missiles
 J - 66 steel javelins (quivered)
 T - 4954 arrows
Armour
 p - a +5 ring mail of fire resistance (worn)
 z - a +2 cloak of magic resistance (worn)
 A - a +0 pair of boots (worn)
 Q - a +4 buckler of positive energy (worn)
 R - a +2 hat of see invisible (worn)
 V - a scarf of clouds
Jewellery
 h - an uncursed ring of insulation
 k - a ring of poison resistance (left claw)
 w - the ring "Tesaonti" (right claw) {*Drain rF+ EV+3 Int+3}
   (You found it on level 6 of the Lair of Beasts)

   [ring of evasion]

   It affects your evasion (+3).
   It affects your intelligence (+3).
   It protects you from fire.
   It causes draining when unequipped.
 E - a +4 ring of protection
 F - an uncursed ring of protection from fire
 G - an amulet of rage (around neck)
Wands
 b - a wand of polymorph (13)
 v - a wand of paralysis (19)
 C - a wand of clouds (5)
 H - a wand of acid (5)
 K - a wand of charming (13)
 M - a wand of scattershot (5)
 O - a wand of flame (72)
 X - a wand of iceblast (7)
 Y - a wand of disintegration (30)
Scrolls
 f - 3 scrolls of enchant armour
 i - a scroll of fog
 n - a scroll of fear
 o - 9 scrolls of remove curse
 s - a scroll of summoning
 t - 3 scrolls of magic mapping
 u - 9 scrolls of teleportation
 y - 2 scrolls of noise
 I - a scroll of brand weapon
 P - 5 scrolls of immolation
Potions
 a - a potion of ambrosia
 d - 9 potions of might
 g - 4 potions of curing
 j - 7 potions of flight
 m - 3 potions of agility
 q - 2 potions of haste
 r - 5 potions of magic
 x - a potion of invisibility
 B - 4 potions of cancellation
 D - 3 potions of brilliance
 L - a potion of lignification
 N - a potion of resistance
Miscellaneous
 c - a lightning rod (4/4)
 l - a lamp of fire
 S - a sack of spiders
 U - a fan of gales (2/2)
 Z - 2 phantom mirrors
Comestibles
 e - 30 rations {!d}
 W - 2 chunks of flesh


   Skills:
 - Level 10.0 Fighting
   Level 2.0 Axes
 - Level 10.0 Throwing
 - Level 6.0 Armour
 - Level 13.0 Dodging
 - Level 6.0 Shields
 + Level 12.9 Unarmed Combat
 - Level 6.0 Spellcasting
 * Level 13.5 Transmutations
 - Level 12.0 Invocations
 - Level 10.0 Evocations


You had 4 spell levels left.
You knew the following spells:

 Your Spells              Type           Power        Failure   Level  Hunger
a - Apportation           Tloc           #.....       28%         1    None
b - Summon Butterflies    Summ           #.......     28%         1    None
c - Infusion              Chrm           #.......     28%         1    None
d - Passwall              Tmut/Erth      ###.....     2%          2    None
e - Sticks to Snakes      Tmut           #####...     1%          2    None
f - Dragon Form           Tmut           #####..      67%         7    #######
g - Statue Form           Tmut/Erth      ###......    96%         6    #######
h - Swiftness             Chrm/Air       #.......     38%         2    None
i - Blink                 Tloc           N/A          38%         2    None

Your spell library contained the following spells:

 Spells                   Type           Power        Failure   Level  Hunger
 Beastly Appendage        Tmut           #####.       1%          1    None
 Spider Form              Tmut/Pois      ###          4%          3    ##.....
 Ice Form                 Ice/Tmut       ###.....     17%         4    ####...
 Tree Form                Hex/Tmut       N/A          17%         4    ####...
 Corona                   Hex            #......      28%         1    None
 Magic Dart               Conj           #...         28%         1    None
 Sandblast                Erth           #.....       28%         1    None
 Slow                     Hex            #.......     28%         1    None
 Static Discharge         Air            #.....       28%         1    None
 Summon Small Mammal      Summ           #...         28%         1    None
 Call Imp                 Summ           #.....       38%         2    None
 Shock                    Conj/Air       #......      38%         2    None
 Call Canine Familiar     Summ           #.......     63%         3    ##.....
 Conjure Flame            Conj/Fire      #.......     63%         3    ##.....
 Mephitic Cloud           Conj/Pois/Air  #.......     63%         3    ##.....
 Recall                   Summ/Tloc      N/A          63%         3    ##.....
 Regeneration             Chrm/Necr      #.........   63%         3    ##.....
 Animate Dead             Necr           N/A          96%         4    ####...
 Lightning Bolt           Conj/Air       #.......     96%         4    ####...
 Summon Ice Beast         Ice/Summ       #.......     96%         4    ####...
 Blade Hands              Tmut           #####.....   2%          5    #####..
 Bolt of Magma            Conj/Fire/Erth #.........   100%        5    #####..
 Dispel Undead            Necr           #.......     100%        5    #####..
 Summon Lightning Spire   Summ/Air       #.......     100%        5    #####..
 Conjure Ball Lightning   Conj/Air       #.........   100%        6    #######
 Death Channel            Chrm/Necr      #.........   100%        6    #######
 Iron Shot                Conj/Erth      #.........   100%        6    #######
 Simulacrum               Ice/Necr       #.......     100%        6    #######
 Icicle Burst             Conj/Ice       #.........   100%        7    #######
 Ignition                 Fire           #.........   100%        8    #######
 Necromutation            Tmut/Necr      ###.....     100%        8    #######
 Tornado                  Tloc/Air       #.........   100%        8    #######
 Shatter                  Erth           #.........   100%        9    #######


Dungeon Overview and Level Annotations

Branches:
Dungeon (12/12)            Temple (0/1) D:6            Lair (6/6) D:7
  Snake (3/3) Lair:2       Spider (2/3) Lair:4        Slime (0/5) Lair:5
    Orc (1/1) D:9             Elf (0/3) Orc          Vaults (0/3) D:11
 Depths (0/5) D:12

Altars:
Fedhas
Okawaru
Ru
Uskayaw
Jiyva

Shops:
D:5 (   Orc *((%%   Snake:3 [

Annotations:
D:11 2 runed translucent doors, Morbidden's ghost, journeyman VSAc


Innate Abilities, Weirdness & Mutations

You have claws for hands.
You are completely covered in large bone plates. (SH +8)
Your flesh is cold resistant. (rC+)
A demonic guardian rushes to your aid.
When hurt, damage is shared between your health and your magic reserves.
You regenerate magic rapidly.
You are covered in fur. (AC +1)
Your muscles are strong. (Str +2)
Your spells are a little easier to cast, but a little less powerful.


Message History

You block the wolf spider's attack. The wolf spider barely misses you.
The wolf spider hits you!
* * * LOW HITPOINT WARNING * * *
You block the wolf spider's attack. The wolf spider hits you!
* * * LOW HITPOINT WARNING * * *
You block the wolf spider's attack. You block the wolf spider's attack. x2
Okay, then.
Okay, then.
Casting: Sticks to Snakes (safe; 1% risk of failure)
Confirm with . or Enter, or press ? or * to list all spells.
Okay, then.
Casting: Sticks to Snakes (safe; 1% risk of failure)
Confirm with . or Enter, or press ? or * to list all spells.
You create 2 snakes!
You now have arrows for 495 snakes.
The wolf spider hits you!!
* * * LOW HITPOINT WARNING * * *
The wolf spider bites you.
You die...

###.^#.## ##^...###
##.....# ##### ##.....##
#...## ##..#####
#....##### #.....#
#.....#..# #...S.##
##.......####(S.s.#
#....#...†..###.@.##
#....#...†....###..#
##...##..#.........#
#....#####........###
#......#####....###.##
###.....#..##[.##....####
##..#.....####........##
####..#...##...#......###
#####...#..(#...#..^.#


You could see a wolf spider and 2 friendly adders.

Vanquished Creatures
  Rupert (Lair:2)
  Agnes (D:12)
  6 nagarajas (Snake:3)
  Roxanne (D:12)
  Louise (D:12)
  An emperor scorpion (Spider:1)
  3 dire elephants
  An ettin (Orc)
  Snorg (D:11)
  Urug (Lair:3)
  Josephine (D:12)
  3 rakshasas
  Harold (Lair:2)
  A hydra (Lair:6)
  8 naga warriors
  9 anacondas
  Erolcha (D:9)
  A death yak (Lair:6)
  A dancing weapon (D:11)
  2 tengu warriors (D:12)
  5 naga sharpshooters
  An orc high priest (Orc)
  7 shock serpents
  A centaur warrior (D:11)
  A golden dragon zombie (D:12)
  A skeletal warrior (D:12)
  2 salamander mystics
  2 unseen horrors
  A spectral anaconda (Lair:6)
  7 naga ritualists (Snake:3)
  A tengu zombie (D:12)
  An orange crystal statue (Spider:1)
  An obsidian statue (Lair:6)
  2 cyclopes
  4 necromancers
  Pikel (D:8)
  An orc knight (Orc)
  11 mana vipers
  6 wolf spiders
  2 wolf spider zombies (D:12)
  5 ugly things
  5 orb spiders
  7 salamanders
  2 fire giant zombies (D:12)
  A moth of wrath (Spider:2)
  2 manticores (Lair:6)
  33 black mambas
  12 guardian serpents
  A dire elephant zombie (Lair:6)
  9 elephants
  19 naga magi
  8 cane toads
  2 molten gargoyles (Volcano)
  A cane toad (shapeshifter) (D:11)
  A gargoyle (D:11)
  7 jumping spiders
  An efreet (Volcano)
  6 demonic crawlers
  A rime drake (Lair:3)
  An eye of draining (D:11)
  4 komodo dragons
  A harpy zombie (D:10)
  4 trolls
  2 polar bears (Lair:4)
  A tengu conjurer (D:11)
  Maurice (Orc)
  A wind drake (shapeshifter) (D:11)
  A spectral elephant (Lair:6)
  A dream sheep (Lair:6)
  Prince Ribbit (D:9)
  9 blink frogs
  5 hippogriffs
  3 harpy skeletons
  Grum (D:8)
  4 wraiths (D:12)
  A spriggan (shapeshifter) (D:10)
  A shadow (D:10)
  10 tarantellas
  A wyvern (Lair:3)
  2 vampires
  14 yaks
  A human (shapeshifter) (D:11)
  A hungry ghost (D:7)
  3 fire elementals
  3 hogs (D:11)
  5 redbacks
  5 crocodiles
  46 nagas
  A spectral cane toad (Lair:6)
  An acid dragon (Lair:6)
  6 water moccasins
  4 porcupines
  A black bear (D:6)
  29 orc warriors
  3 ice beasts
  A hornet zombie (D:11)
  2 sky beasts
  An elephant zombie (Lair:6)
  8 ogres
  An ogre (shapeshifter) (D:11)
  A phantom (D:10)
  9 wolves
  2 elephant skeletons (Lair:6)
  7 bullfrogs
  4 kobold brigands
  3 earth elementals (Volcano)
  A cane toad simulacrum (Lair:6)
  22 centaurs
  A scorpion (D:8)
  An elephant simulacrum (Lair:6)
  5 killer bees
  2 wights (D:6)
  2 howler monkeys
  9 electric eels
  13 orc priests
  A bullfrog zombie (D:4)
  6 crimson imps
  6 jellies
  7 hounds
  16 orc wizards
  2 iguanas
  5 worker ants
  4 hell rats (Lair:6)
  A howler monkey zombie (D:8)
  A worker ant zombie (D:6)
  3 gnolls (D:4)
  9 adders
  2 river rats (Sewer)
  A shadow imp (D:11)
  14 oozes
  2 adder zombies
  3 adder skeletons
  6 worms
  A dart slug (D:1)
  4 leopard geckos
  62 orcs
  7 bats
  6 giant cockroaches
  4 goblins (D:1)
  8 hobgoblins
  9 jackals
  5 quokkas
  6 ball pythons
  4 frilled lizards
  17 kobolds
  10 rats
731 creatures vanquished.

Vanquished Creatures (collateral kills)
  Nikola (Lair:2)
  Kirke (D:11)
  3 nagarajas
  3 dire elephants (Lair:6)
  An entropy weaver (Spider:1)
  Fannar (Lair:2)
  2 naga warriors (Snake:2)
  2 hydras (Lair:6)
  7 anacondas
  A catoblepas (Lair:3)
  A rakshasa (Snake:1)
  Sonja (Lair:3)
  A two-headed ogre (D:9)
  A dancing weapon (D:11)
  3 naga sharpshooters
  A vampire mage (D:12)
  2 shock serpents
  2 death yaks (Lair:6)
  A skeletal warrior (D:12)
  A salamander mystic (Snake:1)
  A wolf spider zombie (D:10)
  A lindwurm (Volcano)
  3 naga ritualists
  A cyclops (D:12)
  A mana viper (Snake:2)
  A necromancer (Lair:6)
  A wolf spider (Spider:2)
  4 salamanders
  2 manticores (D:12)
  7 elephants
  A guardian serpent (Snake:3)
  12 black mambas
  A naga mage (Snake:1)
  4 cane toads
  An eye of draining (D:11)
  4 jumping spiders
  2 rime drakes
  4 komodo dragons
  A polar bear (Lair:4)
  2 trolls
  2 hornets
  7 dream sheep (Lair:6)
  4 hippogriffs
  2 slime creatures (D:9)
  5 blink frogs
  3 fire elementals (Volcano)
  A wraith (D:12)
  Eustachio (D:4)
  10 yaks
  2 tarantellas (Spider:1)
  A death yak simulacrum (Lair:6)
  3 basilisks (Lair:3)
  A hungry ghost (D:7)
  3 crocodiles (Lair:3)
  4 nagas
  3 water moccasins
  2 porcupines
  2 orc warriors
  A phantom (D:7)
  A hornet zombie (D:8)
  6 ice beasts (Lair:3)
  A slave (D:8)
  An elephant zombie (Lair:6)
  10 wolves
  An ogre (D:6)
  A bullfrog (Lair:4)
  A kobold brigand (D:6)
  2 centaurs
  2 scorpions
  8 killer bees
  2 wights (D:6)
  4 orc priests
  A howler monkey (D:5)
  3 hounds
  A bullfrog skeleton (D:4)
  An orc wizard (D:7)
  An iguana (D:6)
  A worker ant (D:8)
  An adder (D:5)
  2 worms
  A leopard gecko (D:5)
  10 orcs
  A jackal (D:8)
  A kobold (D:6)
  2 withered plants
213 creatures vanquished.

Vanquished Creatures (others)
  A molten gargoyle (Volcano)
  A hippogriff (Lair:5)
  A centaur (D:12)
  A worker ant zombie (D:8)
  An orc (Orc)
  5 fungi
  3 plants
  8 toadstools (Lair:3)
  20 withered plants
41 creatures vanquished.

Grand Total: 985 creatures vanquished

Notes
Turn   | Place    | Note
-------+----------+-------------------------------------------
     0 | D:1      | Corvidia the Demonspawn Fighter began the quest for the
                  | Orb.
     0 | D:1      | Reached XP level 1. HP: 18/18 MP: 1/1
   166 | D:1      | Gained mutation: A weak demonic guardian rushes to your
                  | aid. [demonic ancestry]
   166 | D:1      | Reached XP level 2. HP: 24/24 MP: 2/2
   710 | D:1      | Reached skill level 1 in Dodging
   713 | D:1      | Gained mutation: You are partially covered in large bone
                  | plates. (SH +4) [demonic ancestry]
   713 | D:1      | Reached XP level 3. HP: 27/29 MP: 3/3
   998 | D:2      | Found an iron altar of Okawaru.
  1251 | D:2      | Became a worshipper of Warmaster Okawaru
  1701 | D:3      | Reached skill level 1 in Invocations
  1701 | D:3      | Reached XP level 4. HP: 19/37 MP: 3/5
  2151 | D:4      | Noticed Eustachio
  2301 | D:4      | Killed Eustachio
  2302 | D:4      | Reached skill level 1 in Evocations
  2302 | D:4      | Reached XP level 5. HP: 39/42 MP: 5/7
  2302 | D:4      | Reached XP level 6. HP: 45/48 MP: 5/8
  2653 | D:4      | Reached * piety under Okawaru
  3150 | D:4      | Gained mutation: When hurt, damage is shared between your
                  | health and your magic reserves. [demonic ancestry]
  3150 | D:4      | Reached XP level 7. HP: 50/55 MP: 9/9
  3367 | D:5      | Entered Level 5 of the Dungeon
  3464 | D:5      | Found Awkef's Weapon Boutique.
  3494 | D:5      | Found a glowing drain.
  3507 | Sewer    | Entered a sewer
  3527 | Sewer    | Reached skill level 5 in Fighting
  3619 | Sewer    | Reached ** piety under Okawaru
  3805 | Sewer    | Reached skill level 5 in Invocations
  4006 | D:5      | Gained mutation: You are mostly covered in large bone
                  | plates. (SH +6) [demonic ancestry]
  4006 | D:5      | Reached XP level 8. HP: 51/62 MP: 9/11
  4296 | D:6      | Reached skill level 1 in Throwing
  4589 | D:6      | Reached *** piety under Okawaru
  4621 | D:6      | Found a staircase to the Ecumenical Temple.
  4985 | D:7      | Noticed a troll
  4995 | D:7      | Killed a troll
  4996 | D:7      | Reached skill level 5 in Dodging
  4996 | D:7      | Gained mutation: A demonic guardian rushes to your aid.
                  | [demonic ancestry]
  4996 | D:7      | Reached XP level 9. HP: 49/71 MP: 9/14
  5003 | D:7      | Reached skill level 5 in Evocations
  5047 | D:7      | Reached **** piety under Okawaru
  5390 | D:7      | Found a staircase to the Lair.
  5881 | D:8      | Gained mutation: You regenerate magic rapidly. [demonic
                  | ancestry]
  5881 | D:8      | Reached XP level 10. HP: 79/79 MP: 16/16
  5915 | D:8      | Learned a level 1 spell: Apportation
  5917 | D:8      | Learned a level 1 spell: Summon Butterflies
  5919 | D:8      | Learned a level 1 spell: Infusion
  5922 | D:8      | Learned a level 2 spell: Passwall
  5925 | D:8      | Learned a level 2 spell: Sticks to Snakes
  5992 | D:8      | Paralysed by fainting for 5 turns
  6036 | D:8      | Noticed Grum
  6045 | D:8      | Reached skill level 1 in Spellcasting
  6045 | D:8      | Reached skill level 1 in Transmutations
  6048 | D:8      | Killed Grum
  6048 | D:8      | Reached ***** piety under Okawaru
  6176 | D:8      | Noticed Pikel
  6202 | D:8      | Killed Pikel
  6203 | D:8      | Reached skill level 5 in Throwing
  7103 | D:9      | Noticed Erolcha
  7117 | D:9      | Killed Erolcha
  7117 | D:9      | Received a gift from Okawaru
  7124 | D:9      | Got a pair of brightly glowing gloves {god gift}
  7135 | D:9      | Identified the +0 pair of gloves "Vukuf" {rN+} (Okawaru
                  | gifted it to you on level 9 of the Dungeon)
  7303 | D:9      | Gained mutation: You have sharp fingernails. [demonic
                  | ancestry]
  7303 | D:9      | Reached XP level 11. HP: 44/87 MP: 10/18
  7327 | D:9      | Reached skill level 10 in Invocations
  7412 | D:9      | Noticed Prince Ribbit
  7447 | D:9      | Reached skill level 5 in Armour
  7516 | D:9      | Found the +0 shillelagh "Devastator" {shatter, Stlth+}
  7534 | D:9      | Killed Prince Ribbit
  7623 | D:9      | Noticed a cyan ugly thing
  7647 | D:9      | Killed a cyan ugly thing
  7902 | D:9      | Reached skill level 1 in Unarmed Combat
  7923 | D:9      | Found a staircase to the Orcish Mines.
  8303 | D:9      | Found a sacrificial altar of Ru.
  8423 | D:9      | Noticed a two-headed ogre
  8430 | D:9      | Killed a two-headed ogre
  8621 | D:10     | Entered Level 10 of the Dungeon
  9133 | D:9      | HP: 2/87 [something (3)]
  9142 | D:9      | HP: 3/87 [something (2)]
  9491 | Lair:1   | Entered Level 1 of the Lair of Beasts
 10830 | Lair:2   | Found a staircase to the Snake Pit.
 10902 | Lair:2   | Noticed Fannar
 10930 | Lair:2   | Killed Fannar
 10947 | Lair:2   | Reached XP level 12. HP: 88/96 MP: 16/20
 10962 | Lair:2   | Received a gift from Okawaru
 11017 | Lair:2   | Noticed Harold
 11048 | Lair:2   | Killed Harold
 11237 | Lair:2   | Reached skill level 5 in Transmutations
 11735 | Lair:3   | Noticed Sonja
 11866 | Lair:3   | Killed Sonja
 11867 | Lair:3   | Found a dark tunnel.
 11956 | Volcano  | Entered a volcano
 12672 | Lair:3   | Reached skill level 10 in Fighting
 12683 | Lair:3   | Noticed an anaconda
 12695 | Lair:3   | Killed an anaconda
 12783 | Lair:3   | Reached skill level 5 in Unarmed Combat
 12821 | Lair:3   | Noticed Urug
 13203 | Lair:3   | Killed Urug
 13338 | Lair:3   | Found a runed door.
 13835 | Lair:3   | Found a hide-covered altar of Uskayaw.
 13856 | Lair:3   | Received a gift from Okawaru
 13863 | Lair:3   | Gained mutation: You have very sharp fingernails. [demonic
                  | ancestry]
 13863 | Lair:3   | Reached XP level 13. HP: 31/103 MP: 13/22
 14434 | Lair:3   | Noticed a dire elephant
 14489 | Lair:3   | Killed a dire elephant
 14767 | Lair:4   | Received a gift from Okawaru
 15254 | Lair:4   | Found a hole to the Spider Nest.
 16464 | Lair:5   | Found a viscous altar of Jiyva.
 16464 | Lair:5   | Found a staircase to the Slime Pits.
 16464 | Lair:5   | Found a viscous altar of Jiyva.
 16732 | Lair:6   | Entered Level 6 of the Lair of Beasts
 16767 | Lair:6   | Received a gift from Okawaru
 16927 | Lair:6   | Reached skill level 10 in Dodging
 17652 | Lair:6   | Noticed a dire elephant
 17652 | Lair:6   | Noticed a dire elephant
 17652 | Lair:6   | Noticed a dire elephant
 17653 | Lair:6   | Noticed a dire elephant
 18003 | Lair:6   | Gained mutation: You have claws for hands. [demonic
                  | ancestry]
 18003 | Lair:6   | Reached XP level 14. HP: 26/110 MP: 8/23
 18358 | Lair:5   | Gained mutation: You are robust. (+10% HP) [potion of
                  | mutation]
 18358 | Lair:5   | Gained mutation: You do not regenerate when monsters are
                  | visible. [potion of mutation]
 18358 | Lair:5   | Gained mutation: You are completely covered in large bone
                  | plates. (SH +8) [potion of mutation]
 18358 | Lair:5   | Gained mutation: Your mind is acute. (Int +2) [potion of
                  | mutation]
 18359 | Lair:5   | Lost mutation: You do not regenerate when monsters are
                  | visible. [potion of mutation]
 18359 | Lair:5   | Lost mutation: Your mind is acute. (Int +2) [potion of
                  | mutation]
 18359 | Lair:5   | Lost mutation: You are robust. (+10% HP) [potion of
                  | mutation]
 18359 | Lair:5   | Gained mutation: You are covered in fur. (AC +1) [potion of
                  | mutation]
 18359 | Lair:5   | Gained mutation: Your spells are a little easier to cast,
                  | but a little less powerful. [potion of mutation]
 18359 | Lair:5   | Gained mutation: Your muscles are strong. (Str +2) [potion
                  | of mutation]
 18606 | Lair:6   | Got a vibrating tin ring
 18607 | Lair:6   | Identified the ring "Tesaonti" {*Drain rF+ EV+3 Int+3} (You
                  | found it on level 6 of the Lair of Beasts)
 18650 | Lair:6   | Received a gift from Okawaru
 19055 | Lair:6   | Received a gift from Okawaru
 19629 | Orc      | Entered the Orcish Mines
 19629 | Orc      | Found a staircase to the Elven Halls.
 19629 | Orc      | Noticed Maurice
 19653 | Orc      | Killed Maurice
 19799 | Orc      | Found Inoophu's Assorted Antiques.
 19873 | Orc      | Learned a level 7 spell: Dragon Form
 19880 | Orc      | Learned a level 6 spell: Statue Form
 20664 | Orc      | Found Pogakiha's Weapon Boutique.
 20664 | Orc      | Found Nitu Ava's Food Emporium.
 20666 | Orc      | Found Bekobikh's Food Shoppe.
 20668 | Orc      | Found Paihaad's Weapon Shop.
 22012 | D:11     | Noticed Morbidden's ghost (journeyman VSAc)
 22014 | D:11     | Noticed a lich
 22205 | D:11     | Found a gate to the Vaults.
 22251 | D:11     | Found a runed translucent door.
 22253 | D:11     | Noticed a fire giant
 22256 | D:11     | Identified the +9 great sword of Kismet {chaos, rN++ Int+5}
 22260 | D:11     | Found a runed translucent door.
 22368 | D:11     | Noticed Snorg
 22384 | D:11     | Killed Snorg
 22595 | D:11     | Noticed Kirke
 22609 | D:11     | Killed Kirke
 22609 | D:11     | Received a gift from Okawaru
 22622 | D:11     | Got a faintly humming robe {god gift}
 22723 | D:11     | Identified the +0 robe of Buiskiud {rC+ Dex+4} (Okawaru
                  | gifted it to you on level 11 of the Dungeon)
 23553 | D:12     | Entered Level 12 of the Dungeon
 23558 | D:12     | Noticed Louise
 23585 | D:11     | Gained mutation: Your flesh is cold resistant. (rC+)
                  | [demonic ancestry]
 23585 | D:11     | Reached XP level 15. HP: 99/115 MP: 6/24
 23926 | D:12     | Killed Louise
 23927 | D:12     | Reached skill level 10 in Evocations
 24028 | D:12     | Got a garnet-encrusted chain mail
 24039 | D:12     | Identified the cursed +0 chain mail "Puyhahim" {rF+} (You
                  | found it on level 12 of the Dungeon)
 24208 | D:12     | Found a blossoming altar of Fedhas.
 24538 | D:12     | Found a staircase to the Depths.
 24571 | D:12     | Reached skill level 5 in Shields
 24785 | D:12     | Noticed Roxanne
 24833 | D:12     | Killed Roxanne
 24855 | D:12     | Noticed Josephine
 24866 | D:12     | Killed Josephine
 24866 | D:12     | Received a gift from Okawaru
 24922 | D:12     | Noticed Agnes
 24948 | D:12     | Killed Agnes
 25418 | Snake:1  | Entered Level 1 of the Snake Pit
 25418 | Snake:1  | Noticed Nikola
 25418 | Snake:1  | Noticed Rupert
 25469 | Lair:2   | Killed Rupert
 25841 | Lair:2   | Killed Nikola
 25842 | Lair:2   | Reached skill level 10 in Transmutations
 26775 | Snake:1  | Reached XP level 16. HP: 99/122 MP: 21/25
 27018 | Snake:1  | Got a masterwork falchion
 27019 | Snake:1  | Identified the +4 falchion "Suceff" {elec, Int+2} (You
                  | found it on level 1 of the Snake Pit)
 27274 | Snake:1  | Reached skill level 10 in Unarmed Combat
 27696 | Snake:2  | Got a shimmering battleaxe
 27972 | Snake:2  | Received a gift from Okawaru
 27985 | Snake:2  | Got a buzzing scale mail {god gift}
 27996 | Snake:2  | Identified the +5 scale mail "Seing" {Str+3 Dex+4} (Okawaru
                  | gifted it to you on level 2 of the Snake Pit)
 28529 | Snake:2  | Reached skill level 10 in Throwing
 28777 | Snake:2  | Learned a level 2 spell: Swiftness
 29287 | Snake:3  | Entered Level 3 of the Snake Pit
 29774 | Snake:3  | Found Gosch's Antique Armour Emporium.
 29887 | Snake:3  | Reached skill level 5 in Spellcasting
 30692 | Snake:3  | Reached XP level 17. HP: 114/128 MP: 23/26
 30699 | Snake:3  | Received a gift from Okawaru
 31442 | Snake:3  | Received a gift from Okawaru
 31853 | Snake:3  | Reached ****** piety under Okawaru
 32483 | Snake:3  | Identified the cursed +0 battleaxe "Ofin" {venom, rC++
                  | Stlth+} (You found it on level 2 of the Snake Pit)
 32483 | Snake:3  | Got a serpentine rune of Zot
 32715 | Spider:1 | Entered Level 1 of the Spider Nest
 32969 | Spider:1 | Identified the cursed ring "Ybuolash" {Str+2 Stlth--}
 33743 | Spider:1 | Learned a level 2 spell: Blink
 33880 | Spider:2 | Identified the +6 hunting sling of the Visionary {elec,
                  | +Fly rC+ Dex+2} (Okawaru gifted it to you on level 2 of the
                  | Spider Nest)
 33880 | Spider:2 | Received a gift from Okawaru
 34383 | Spider:2 | HP: 1/128 [wolf spider (17)]
 34383 | Spider:2 | Slain by a wolf spider

Skill      XL: |  1  2  3  4  5  6  7  8  9 10 11 12 13 14 15 16 17 |
---------------+----------------------------------------------------+-----
Axes           | 2 |  2.0
Armour         | 3 4 6 |  6.0
Shields        | 3 4 6 |  6.0
Dodging        | 1 2 3 5 6 7 8 9 10 11 12 13 | 13.0
Invocations    | 1 2 3 5 6 8 9 11 12 | 12.0
Fighting       | 4 5 6 7 8 9 10 | 10.0
Evocations     | 1 2 3 4 5 6 8 9 10 | 10.0
Throwing       | 2 4 5 6 7 9 10 | 10.0
Spellcasting   | 3 4 5 6 |  6.0
Transmutations | 3 4 6 7 9 10 11 13 | 13.5
Unarmed Combat | 3 5 7 8 9 11 12 | 12.9

Action                   |  1- 3 |  4- 6 |  7- 9 | 10-12 | 13-15 | 16-18 || total
-------------------------+-------+-------+-------+-------+-------+-------++-------
Melee: War axe           |   133 |   154 |   388 |   628 |       |       ||  1303
       Unarmed           |       |       |       |   402 |  1731 |  1084 ||  3217
Throw: Tomahawk          |       |       |    38 |    37 |       |       ||    75
       Javelin           |       |       |       |       |   197 |   139 ||   336
 Cast: Sticks to Snakes  |       |       |       |     3 |     3 |     1 ||     7
Invok: Heroism           |       |       |     3 |    18 |    30 |    19 ||    70
       Finesse           |       |       |       |     5 |     2 |     1 ||     8
 Abil: Evoke Berserk Rag |       |       |       |       |     3 |     3 ||     6
Evoke: Wand              |       |       |       |     2 |       |       ||     2
  Use: Scroll            |     1 |     1 |    10 |     4 |     8 |    10 ||    34
       Potion            |       |       |       |     7 |     4 |     6 ||    17
 Stab: Distracted        |       |     2 |     6 |     3 |     6 |     8 ||    25
       Petrified         |       |       |       |       |     2 |       ||     2
  Eat: Chunk             |     6 |    17 |    17 |    67 |    66 |    15 ||   188
       Ration            |       |       |     2 |     1 |     4 |    10 ||    17
Armor: Scale mail        |    29 |       |       |       |       |       ||    29
       Ring mail         |    26 |   101 |   173 |   458 |   576 |   184 ||  1518
       Ice dragon scales |       |       |       |    32 |       |       ||    32
       Skin              |       |       |       |       |       |     4 ||     4
Dodge: Dodged            |    22 |    76 |   144 |   397 |  1094 |   700 ||  2433
Block: Medium shield     |    85 |   155 |   351 |   515 |       |       ||  1106
       Other             |       |       |     3 |    19 |       |       ||    22
       Buckler           |       |       |       |   190 |  1403 |   978 ||  2571
